 Dungeon Crawl Stone Soup version 0.19-a0-611-gb5a7e8d (webtiles) character file.

79 penismuncher the Ruffian (level 4, 0/29 HPs)
             Began as an Octopode Wanderer on June 12, 2016.
             Slain by an orc
             ... wielding a +0 dagger
              (1 damage)
             ... on level 3 of the Dungeon.
             The game lasted 00:02:10 (2185 turns).

penismuncher the Ruffian (Octopode Wanderer)        Turns: 2185, Time: 00:02:11

Health: 0/29       AC:  1    Str: 13    XL:     4   Next: 37%
Magic:  7/7        EV:  6    Int: 15    God:
Gold:   43         SH:  0    Dex: 12    Spells: 0 memorised, 7 levels left

rFire  . . .     SeeInvis .       - Unarmed
rCold  . . .     Gourm    .     (no shield)
rNeg   . . .     Faith    .     (helmet restricted)
rPois  .         Spirit   .     j - amulet of dismissal
rElec  .         Dismiss  +     q - ring of teleportation (curse)
rCorr  .         Reflect  .     t - +3 ring of intelligence
SustAt .         Harm     .     (no ring)
MR     .....     Rnd*Tele +     (no ring)
Stlth  ++........               (no ring)
                                (no ring)
                                (no ring)
                                (no ring)

@: not resistant to hostile enchantments, unstealthy
A: almost no armour, amphibious, 8 rings, constrict 8, camouflage 1, gelatinous
body 1
a: no special abilities


You were on level 3 of the Dungeon.
You were not hungry.

You visited 1 branch of the dungeon, and saw 3 of its levels.

You collected 43 gold pieces.

Inventory:

Jewellery
 j - an amulet of dismissal (around mantle)
 q - a cursed ring of teleportation (left tentacle)
 t - a +3 ring of intelligence (right tentacle)
Scrolls
 c - a scroll of blinking
Potions
 e - a potion of magic
 f - a potion of might
 i - a potion of lignification
 r - a potion of invisibility
Books
 a - a book of Minor Magic

   Spells                             Type                      Level
   a - Magic Dart                     Conjuration                  1
   b - Blink                          Translocation                2
   c - Call Imp                       Summoning                    2
   d - Repel Missiles                 Charms/Air                   2
   e - Slow                           Hexes                        2
   f - Conjure Flame                  Conjuration/Fire             3
   g - Mephitic Cloud                 Conjuration/Poison/Air       3
 b - Itirraw's Collected Works on Combat Magic

   Spells                             Type                      Level
   a - Throw Frost                    Conjuration/Ice              2
   b - Throw Flame                    Conjuration/Fire             2
Comestibles
 d - 3 bread rations
 g - 8 fruits
 k - 2 meat rations
 l - a beef jerky
 s - 3 chunks of flesh


   Skills:
 - Level 2.0 Fighting
   Level 1.0 Polearms
 - Level 1.0 Throwing
 + Level 3.8 Unarmed Combat
 - Level 2.0 Spellcasting
   Level 2.0 Charms
   Level 1.0 Air Magic
   Level 1.1 Evocations


You had 7 spell levels left.
You didn't know any spells.

Dungeon Overview and Level Annotations

Branches:
Dungeon (3/15)

Altars:
Kikubaaqudgha


Innate Abilities, Weirdness & Mutations

You cannot wear most types of armour.
You are amphibious.
You can wear up to eight rings at the same time.
You can use your tentacles to constrict eight enemies at once.
Your skin changes colour to match your surroundings (Stealth+).
Your rubbery body absorbs attacks. (AC +1)


Message History

You closely miss the ball python.
The orc shouts!
You grab the ball python. You constrict the ball python.
The ball python bites you. The ball python constricts you.
You tentacle-slap the ball python.
You kill the ball python!
The orc hits you with a dagger.
An orc comes into view. It is wielding a dagger.
You tentacle-slap the orc. Your grab misses the orc.
Your squeeze misses the orc.
The orc is lightly wounded.
The orc barely misses you. The orc barely misses you.
You see here a ball python corpse.
The orc closely misses you. x2
There is a stone staircase leading up here.
The orc hits you with a flail! The orc hits you with a club!
* * * LOW HITPOINT WARNING * * *
The orc hits you with a dagger.
You die...

#. w.#### #.?
.....# #.. ...
....#.#.#
#.##...#%#.#
#..#...#.#.#
#........#.###
#...o.†......
#...ooo###†#######
#.#.#@††).((......
#......(..(.....
##.#####.######.
...)....)...#
####'####.##.# #.#
# #.# #.# #.#


You could see 4 orcs.

Vanquished Creatures
  3 adders
  An ooze (D:1)
  2 worms
  A dart slug (D:1)
  A giant gecko (D:2)
  An orc (D:3)
  A bat (D:2)
  3 giant cockroaches
  A goblin (D:1)
  3 hobgoblins
  8 kobolds
  2 quokkas (D:2)
  4 ball pythons
  2 giant newts
  7 rats
40 creatures vanquished.

Notes
Turn   | Place    | Note
--------------------------------------------------------------
     0 | D:1      | penismuncher the Octopode Wanderer began the quest for the Orb.
     0 | D:1      | penismuncher set off with: a book of Minor Magic, Itirraw's Collected Works on Combat Magic, a +0 club, a bread ration
     0 | D:1      | Reached XP level 1. HP: 14/14 MP: 3/3
    78 | D:1      | Identified Itirraw's Collected Works on Combat Magic
   338 | D:1      | Reached skill level 1 in Unarmed Combat
   798 | D:1      | Reached XP level 2. HP: 14/19 MP: 5/5
   857 | D:1      | Reached skill level 2 in Unarmed Combat
  1287 | D:1      | Reached XP level 3. HP: 24/24 MP: 6/6
  1540 | D:2      | Reached skill level 3 in Unarmed Combat
  1651 | D:2      | Found an ancient bone altar of Kikubaaqudgha.
  2035 | D:2      | Reached XP level 4. HP: 22/29 MP: 7/7
  2185 | D:3      | HP: 1/29 [orc/club (8)]
  2185 | D:3      | Slain by an orc

Vault maps used:
D:1:      dpeg_arrival_connections, minmay_misc_feat_five, minmay_door_square
D:2:      kiku_gazebo_garden_becter, first_bread
D:3:      nicolae_overflow_hidden_temple, bloody_trog

Skill      XL: |  1  2  3 |
---------------+----------+-----
Unarmed Combat | 1 2 3 |  3.8
Fighting       | |  2.0
Polearms       | |  1.0
Throwing       | |  1.0
Spellcasting   | |  2.0
Charms         | |  2.0
Air Magic      | |  1.0
Evocations     | |  1.1

Action                   |  1- 3 |  4- 6 || total
-------------------------+-------+-------++-------
Melee: Unarmed           |    80 |    21 ||   101
       Constrict         |    17 |     5 ||    22
       Tentacles         |    13 |     2 ||    15
  Use: Scroll            |       |     9 ||     9
 Stab: Sleeping          |    11 |       ||    11
  Eat: Fruit             |     2 |       ||     2
       Chunk             |     1 |     1 ||     2
Armor: Skin              |     8 |     2 ||    10
Dodge: Dodged            |    34 |    19 ||    53
